 Dungeon Crawl Stone Soup version 0.28.0-43-g3370ac3207 (webtiles) character file.

Game seed: 212616153650294547

66 Ablot the Grasshopper (level 4, -21/38 HPs)
             Began as a Gnoll Warper on Mar 1, 2022.
             Killed from afar by Ijyb (35 damage)
             ... with a bolt of acid
             ... on level 3 of the Dungeon.
             The game lasted 00:01:53 (1820 turns).

Ablot the Grasshopper (Gnoll Warper)                Turns: 1820, Time: 00:01:54

Health: -21/38     AC:  8    Str: 12    XL:     4   Next: 15%
Magic:  11/11      EV: 10    Int: 13    God:
Gold:   69         SH:  0    Dex: 11    Spells: 11/13 levels left

rFire   . . .      SeeInvis .   a - +0 trident
rCold   . . .      Faith    .   (no shield)
rNeg    . . .      Spirit   .   p - +4 scale mail {Will+}
rPois   .          Reflect  .   f - +0 helmet
rElec   .          Harm     .   (no cloak)
rCorr   .          Rampage  .   o - +0 pair of gloves
Will    +....                   (no boots)
Stlth   ..........              k - amulet of regeneration
HPRegen 0.92/turn               (no ring)
MPRegen 0.12/turn               (no ring)

@: corroded
A: fangs 1, strong nose, distributed training
a: no special abilities


You were on level 3 of the Dungeon.
You visited 1 branch of the dungeon, and saw 3 of its levels.

You collected 69 gold pieces.

Inventory:

Hand Weapons
 a - a +0 trident (weapon)
Missiles
 d - 5 boomerangs of dispersal
 l - 33 stones (quivered)
 m - 22 sling bullets
Armour
 b - a +0 leather armour
 f - a +0 helmet (worn)
 n - a +0 buckler
 o - a +0 pair of gloves (worn)
 p - a +4 scale mail of willpower (worn)
Jewellery
 k - an amulet of regeneration (around neck)
Scrolls
 c - a scroll of blinking
 h - 2 scrolls of enchant weapon {unknown}
 q - a scroll of brand weapon {unknown}
 r - a scroll of immolation {unknown}
Potions
 e - 2 potions of lignification {unknown}
 g - 2 potions of experience {unknown}
 i - a potion of mutation {unknown}
 j - 2 potions of curing {unknown}


   Skills:
 + Level 4.6 Fighting
 + Level 1.0 Short Blades
 + Level 1.0 Long Blades
 + Level 1.0 Axes
 + Level 1.0 Maces & Flails
 + Level 4.6 Polearms
 + Level 1.0 Staves
 + Level 1.0 Slings
 + Level 1.0 Bows
 + Level 1.0 Crossbows
 + Level 2.7 Throwing
 + Level 2.7 Armour
 + Level 4.6 Dodging
 + Level 1.0 Stealth
 + Level 1.0 Shields
 + Level 1.0 Unarmed Combat
 + Level 5.0 Spellcasting
 + Level 0.8 Conjurations
 + Level 0.8 Hexes
 + Level 0.8 Summonings
 + Level 0.8 Necromancy
 + Level 5.4 Translocations
 + Level 0.8 Transmutations
 + Level 0.8 Fire Magic
 + Level 0.8 Ice Magic
 + Level 0.8 Air Magic
 + Level 0.8 Earth Magic
 + Level 0.8 Poison Magic
 + Level 1.1 Invocations
 + Level 1.0 Evocations


You had 11 spell levels left.
You knew the following spells:

 Your Spells              Type           Power      Damage    Failure   Level
a - Blink                 Tloc           34%        N/A       16%         2

Your spell library contained the following spells:

 Spells                   Type           Power      Damage    Failure   Level
 Gell's Gravitas          Tloc           17%        N/A       30%         3
 Lesser Beckoning         Tloc           17%        N/A       30%         3
 Teleport Other           Tloc           17%        N/A       30%         3
 Manifold Assault         Tloc           17%        N/A       95%         5


Dungeon Overview and Level Annotations

Branches:
Dungeon (3/15)

Altars:
Dithmenos

Annotations:
D:3 Ijyb


Innate Abilities, Weirdness & Mutations

You have very sharp teeth.
Your uncanny sense of smell can sniff out nearby items.
Your experience applies equally to all skills.


Message History

No target in view!
No target in view!
No target in view!
No target in view!
No target in view!
You climb upwards.
There is a stone staircase leading down here.
There is an open door here.
There is an open door here.
There is a stone staircase leading down here.
You climb downwards.
The endoplasm quivers.
The endoplasm barely misses you. Ijyb hits you with a +0 club.
There is a stone staircase leading up here.
You hit Ijyb but do no damage.
The endoplasm hits you but does no damage.
Ijyb zaps a wand.
The bolt of acid hits you!!
Ouch! That really hurt!
The acid corrodes you!
You are too injured to fight recklessly!
You are too injured to fight recklessly!
You are too injured to fight recklessly!
You are too injured to fight recklessly!
You are too injured to fight recklessly!
You are too injured to fight recklessly!
You are too injured to fight recklessly!
You are too injured to fight recklessly!
You are too injured to fight recklessly!
You are too injured to fight recklessly!
You are too injured to fight recklessly!
You are too injured to fight recklessly!
You are too injured to fight recklessly!
You hit the endoplasm.
You kill the endoplasm!
Ijyb zaps a wand.
The bolt of acid misses you.
Unknown command.
You hit Ijyb but do no damage. You bite Ijyb, but do no damage.
Ijyb zaps a wand.
The bolt of acid hits you!!
Ouch! That really hurt!
You die...

## ..
###.### ##
...... .# #
#....##.#.##
#..........#
#...g......#
#....@.....#
#.#...#.#.##
#.... #
#.#...
.......
.......##
#.. #####
...


You could see Ijyb.

Vanquished Creatures
  Terence (D:2)
  A worm (D:2)
  3 dart slugs (D:1)
  3 bats (D:1)
  6 endoplasms
  A giant cockroach (D:1)
  4 hobgoblins
  2 jackals (D:2)
  A quokka (D:3)
  3 ball pythons
  2 frilled lizards
  A kobold (D:2)
  3 rats
31 creatures vanquished.

Notes
Turn   | Place    | Note
-------+----------+-------------------------------------------
     0 | D:1      | Ablot the Gnoll Warper began the quest for the Orb.
     0 | D:1      | Reached XP level 1. HP: 20/20 MP: 6/6
   181 | D:1      | Reached XP level 2. HP: 25/26 MP: 7/7
   184 | D:1      | Learned a level 2 spell: Blink
   247 | D:1      | Found a faded altar of an unknown god.
   529 | D:1      | Reached XP level 3. HP: 28/31 MP: 9/9
   631 | D:1      | Reached skill level 5 in Spellcasting
  1013 | D:2      | Found a shadowy altar of Dithmenos.
  1014 | D:2      | Noticed Terence
  1029 | D:2      | Killed Terence
  1030 | D:2      | Reached skill level 1 in Short Blades
  1030 | D:2      | Reached skill level 1 in Long Blades
  1030 | D:2      | Reached skill level 1 in Axes
  1030 | D:2      | Reached skill level 1 in Maces & Flails
  1030 | D:2      | Reached skill level 1 in Staves
  1030 | D:2      | Reached skill level 1 in Slings
  1030 | D:2      | Reached skill level 1 in Bows
  1030 | D:2      | Reached skill level 1 in Crossbows
  1030 | D:2      | Reached skill level 1 in Stealth
  1030 | D:2      | Reached skill level 1 in Shields
  1030 | D:2      | Reached skill level 1 in Unarmed Combat
  1030 | D:2      | Reached skill level 1 in Invocations
  1030 | D:2      | Reached skill level 1 in Evocations
  1499 | D:2      | Reached XP level 4. HP: 38/38 MP: 11/11
  1817 | D:3      | Noticed Ijyb
  1820 | D:3      | Killed from afar by Ijyb

Illustrated notes

Levels and vault maps discovered:
D:1:      eino_arrival_cavern_d, layout_basic,
          hellmonk_ecumenical_altar_leap_of_faith, minivault_11
D:2:      layout_basic, basic_altar, uniq_terence
D:3:      kb_forest_paths, layout_basic, uniq_natasha, uniq_ijyb, uniq_sigmund

Skill      XL: |  1  2  3 |
---------------+----------+-----
Spellcasting   | 5 |  5.0
Short Blades   | 1 |  1.0
Long Blades    | 1 |  1.0
Axes           | 1 |  1.0
Maces & Flails | 1 |  1.0
Staves         | 1 |  1.0
Slings         | 1 |  1.0
Bows           | 1 |  1.0
Crossbows      | 1 |  1.0
Stealth        | 1 |  1.0
Shields        | 1 |  1.0
Unarmed Combat | 1 |  1.0
Invocations    | 1 |  1.1
Evocations     | 1 |  1.0
Fighting       | |  4.6
Polearms       | |  4.6
Throwing       | |  2.7
Armour         | |  2.7
Dodging        | |  4.6
Conjurations   | |  0.8
Hexes          | |  0.8
Summonings     | |  0.8
Necromancy     | |  0.8
Translocations | |  5.4
Transmutations | |  0.8
Fire Magic     | |  0.8
Ice Magic      | |  0.8
Air Magic      | |  0.8
Earth Magic    | |  0.8
Poison Magic   | |  0.8

Action                   |  1- 3 |  4- 6 || total
-------------------------+-------+-------++-------
Melee: Spear             |    70 |       ||    70
       Bite              |     2 |     1 ||     3
       Punch             |     1 |       ||     1
       Trident           |    14 |    14 ||    28
Throw: Stone             |     4 |       ||     4
Armor: Leather armour    |    18 |       ||    18
       Scale mail        |     4 |     2 ||     6
Dodge: Dodged            |    28 |     4 ||    32
